IL
LOUISVILLE BATS @ LEHIGH VALLEY IRONPIGS
09/23/2045
 
TOP OF THE 1ST
Louisville Bats batting - Pitching for Lehigh Valley IronPigs : RHP Brian Thomas
Pitching: RHP Brian Thomas
Batting: SHB Paul Sandoval 0-0: Called Strike
0-1: Ball
1-1: SINGLE (Groundball, 13S, EV 72.5 MPH) (infield hit)
Batting: RHB Chase Briney 0-0: Ball
Paul Sandoval steals 2nd base
1-0: Ball
2-0: Called Strike
2-1: Ball
3-1: Base on Balls
Batting: LHB Randy Racine 0-0: Ball
1-0: Ball
2-0: Ball
3-0: Called Strike
3-1: Called Strike
3-2: Base on Balls
Paul Sandoval to third
Chase Briney to second
Batting: LHB Shawn Morrison 0-0: Called Strike
0-1: Ball
1-1: Foul Ball, location: 2F
1-2: Strikes out looking
Batting: SHB Freddie Farrar 0-0: Ball
1-0: Ball
2-0: Ball
3-0: Base on Balls
Paul Sandoval scores
Chase Briney to third
Randy Racine to second
Batting: LHB Manny Ruvalcaba 0-0: Called Strike
0-1: Ball
1-1: Called Strike
1-2: Ball
2-2: Foul Ball, location: 2F
2-2: Grounds into double play, 4-6-3 (Groundball, 34, EV 96.9 MPH)
Top of the 1st over - 1 run, 1 hit, 0 errors, 2 left on base; Louisville 1 - Lehigh Valley 0
BOTTOM OF THE 1ST
Lehigh Valley IronPigs batting - Pitching for Louisville Bats : LHP Jesus Perez
Pitching: LHP Jesus Perez
Batting: RHB Mitch Boyd 0-0: Swinging Strike
0-1: Ball
1-1: Ball
2-1: Ground out 6-3 (Groundball, 6, EV 80.6 MPH)
Batting: LHB Darrell Ortega 0-0: SINGLE (Line Drive, 78S, EV 110.0 MPH)
Batting: SHB Lance Franklin 0-0: Ball
1-0: Grounds into double play, 6-4-3 (Groundball, 56, EV 92.5 MPH)
Bottom of the 1st over - 0 runs, 1 hit, 0 errors, 0 left on base; Louisville 1 - Lehigh Valley 0
TOP OF THE 2ND
Louisville Bats batting - Pitching for Lehigh Valley IronPigs : RHP Brian Thomas
Batting: RHB Chris Zamora 0-0: Swinging Strike
0-1: Ball
1-1: Foul Ball, location: 2F
1-2: Ball
2-2: Strikes out looking
Batting: RHB Gerald de Vries 0-0: Called Strike
0-1: Swinging Strike
0-2: Ball
1-2: Strikes out swinging
Batting: RHB Casey Truax 0-0: Ball
1-0: SINGLE (Groundball, 56S, EV 63.1 MPH) (infield hit)
Batting: SHB Paul Sandoval 0-0: Ball
1-0: Swinging Strike
1-1: Ball
2-1: Foul Ball, location: 2F
2-2: Fly out, F7 (Flyball, 7, EV 81.2 MPH)
Top of the 2nd over - 0 runs, 1 hit, 0 errors, 1 left on base; Louisville 1 - Lehigh Valley 0
BOTTOM OF THE 2ND
Lehigh Valley IronPigs batting - Pitching for Louisville Bats : LHP Jesus Perez
Batting: RHB Josh Hensley 0-0: Ball
1-0: Ball
2-0: Ball
3-0: Called Strike
3-1: Fly out, F7 (Flyball, 7S, EV 82.5 MPH)
Batting: RHB Kory Sanchez 0-0: Called Strike
0-1: Foul Ball, location: 2F
0-2: Ball
1-2: Fly out, F7 (Flyball, 7, EV 90.6 MPH)
Batting: RHB Moritake Fukumoto 0-0: Ball
1-0: Ball
2-0: Ground out 6-3 (Groundball, 6M, EV 81.2 MPH)
Bottom of the 2nd over - 0 runs, 0 hits, 0 errors, 0 left on base; Louisville 1 - Lehigh Valley 0
TOP OF THE 3RD
Louisville Bats batting - Pitching for Lehigh Valley IronPigs : RHP Brian Thomas
Batting: RHB Chase Briney 0-0: Ball
1-0: Foul Ball, location: 2F
1-1: Called Strike
1-2: Foul Ball, location: 2F
1-2: Ball
2-2: Foul Ball, location: 2F
2-2: Foul Ball, location: 2F
2-2: Strikes out looking
Batting: LHB Randy Racine 0-0: Ball
1-0: Ball
2-0: Foul Ball, location: 2F
2-1: Foul Ball, location: 2F
2-2: Foul Ball, location: 2F
2-2: Foul Ball, location: 2F
2-2: Ball
3-2: Base on Balls
Batting: LHB Shawn Morrison 0-0: Foul Ball, location: 2F
0-1: Foul Ball, location: 2F
0-2: Ball
1-2: Ball
2-2: Ball
3-2: Fly out, F8 (Line Drive, 8LD, EV 86.9 MPH)
Batting: SHB Freddie Farrar 0-0: SINGLE (Groundball, 4MD, EV 101.2 MPH)
Randy Racine to second
Runner from 2nd tries for 3rd, SAFE, no throw by CF
Batting: LHB Manny Ruvalcaba 0-0: Called Strike
0-1: Swinging Strike
0-2: Foul Ball, location: 2F
0-2: Ball
1-2: Strikes out swinging
Top of the 3rd over - 0 runs, 1 hit, 0 errors, 2 left on base; Louisville 1 - Lehigh Valley 0
BOTTOM OF THE 3RD
Lehigh Valley IronPigs batting - Pitching for Louisville Bats : LHP Jesus Perez
Batting: LHB Danny Hill 0-0: Called Strike
0-1: Ground out 4-3 (Groundball, 4, EV 89.4 MPH)
Batting: RHB Dan Grable 0-0: Ground out U3 (Groundball, 3S, EV 71.9 MPH)
Batting: LHB Tyler Allen 0-0: Ground out 5-3 (Groundball, 56S, EV 63.8 MPH)
Bottom of the 3rd over - 0 runs, 0 hits, 0 errors, 0 left on base; Louisville 1 - Lehigh Valley 0
TOP OF THE 4TH
Louisville Bats batting - Pitching for Lehigh Valley IronPigs : RHP Brian Thomas
Batting: RHB Chris Zamora 0-0: Ball
1-0: Foul Ball, location: 2F
1-1: Swinging Strike
1-2: Ball
2-2: Ground out 6-3 (Groundball, 6, EV 101.2 MPH)
Batting: RHB Gerald de Vries 0-0: Ball
1-0: Ball
2-0: Called Strike
2-1: Ball
3-1: Foul Ball, location: 2F
3-2: Strikes out looking
Batting: RHB Casey Truax 0-0: Called Strike
0-1: Foul Ball, location: 2F
0-2: Strikes out swinging
Top of the 4th over - 0 runs, 0 hits, 0 errors, 0 left on base; Louisville 1 - Lehigh Valley 0
BOTTOM OF THE 4TH
Lehigh Valley IronPigs batting - Pitching for Louisville Bats : LHP Jesus Perez
Batting: RHB Mitch Boyd 0-0: Foul Ball, location: 2F
0-1: Called Strike
0-2: Ball
1-2: Strikes out swinging
Batting: LHB Darrell Ortega 0-0: SINGLE (Groundball, 56D, EV 99.4 MPH)
Batting: SHB Lance Franklin 0-0: Ball
1-0: Called Strike
1-1: Ball
2-1: Ball
3-1: Grounds into double play, 6-4-3 (Groundball, 6, EV 83.8 MPH)
Bottom of the 4th over - 0 runs, 1 hit, 0 errors, 0 left on base; Louisville 1 - Lehigh Valley 0
TOP OF THE 5TH
Louisville Bats batting - Pitching for Lehigh Valley IronPigs : RHP Brian Thomas
Batting: SHB Paul Sandoval 0-0: Foul Ball, location: 2F
0-1: Called Strike
0-2: Ball
1-2: Foul Ball, location: 2F
1-2: Foul Ball, location: 2F
1-2: Ground out 6-3 (Groundball, 6, EV 78.1 MPH)
Batting: RHB Chase Briney 0-0: Called Strike
0-1: Foul Ball, location: 2F
0-2: Ball
1-2: Foul Ball, location: 2F
1-2: SINGLE (Groundball, 56D, EV 99.4 MPH)
Pitching: RHP Jaylen Johnson
Batting: LHB Randy Racine 0-0: Ball
1-0: Called Strike
1-1: Fielders Choice at 2nd, 3-6 (Groundball, 3, EV 81.2 MPH)
Batting: LHB Shawn Morrison 0-0: Ball
1-0: Called Strike
1-1: Fly out, F7 (Line Drive, 78M, EV 90.0 MPH)
Top of the 5th over - 0 runs, 1 hit, 0 errors, 1 left on base; Louisville 1 - Lehigh Valley 0
BOTTOM OF THE 5TH
Lehigh Valley IronPigs batting - Pitching for Louisville Bats : LHP Jesus Perez
Batting: RHB Josh Hensley 0-0: Ball
1-0: Swinging Strike
1-1: Fly out, F2 (Popup, 15S, EV 89.4 MPH)
Batting: RHB Kory Sanchez 0-0: Fly out, F8 (Flyball, 89M, EV 82.5 MPH)
Batting: RHB Moritake Fukumoto 0-0: Ground out 4-3 (Groundball, 4, EV 108.1 MPH)
Bottom of the 5th over - 0 runs, 0 hits, 0 errors, 0 left on base; Louisville 1 - Lehigh Valley 0
TOP OF THE 6TH
Louisville Bats batting - Pitching for Lehigh Valley IronPigs : RHP Jaylen Johnson
Batting: SHB Freddie Farrar 0-0: Called Strike
0-1: Foul Ball, location: 2F
0-2: Strikes out looking
Batting: LHB Manny Ruvalcaba 0-0: Ball
1-0: Ball
2-0: Fly out, F8 (Flyball, 8RM, EV 85.6 MPH)
Batting: RHB Chris Zamora 0-0: Ball
1-0: DOUBLE (Groundball, 5L, EV 106.9 MPH)
Batting: RHB Gerald de Vries 0-0: Ball
1-0: Ball
2-0: Foul Ball, location: 2F
2-1: Ball
3-1: Base on Balls
Batting: RHB Casey Truax 0-0: Ball
1-0: Ball
2-0: Ball
3-0: Called Strike
3-1: Fly out, F9 (Flyball, 9S, EV 84.4 MPH)
Top of the 6th over - 0 runs, 1 hit, 0 errors, 2 left on base; Louisville 1 - Lehigh Valley 0
BOTTOM OF THE 6TH
Lehigh Valley IronPigs batting - Pitching for Louisville Bats : LHP Jesus Perez
Batting: LHB Danny Hill 0-0: Called Strike
0-1: Ball
1-1: Ball
2-1: Ball
3-1: SOLO HOME RUN (Flyball, 9LD, EV 101.2 MPH), Distance : 372 ft
Batting: RHB Dan Grable 0-0: Foul Ball, location: 2F
0-1: Hit by Pitch
Batting: LHB Tyler Allen 0-0: Ball
1-0: Ball
2-0: Ball
3-0: Called Strike
3-1: Base on Balls
Dan Grable to second
Batting: RHB Mitch Boyd 0-0: Ball
1-0: Ball
2-0: Fly out, F9 (Line Drive, 9, EV 106.9 MPH)
Batting: LHB Darrell Ortega 0-0: Ball
1-0: SINGLE (Groundball, 4MD, EV 101.9 MPH)
Dan Grable to third
Tyler Allen to second
Runner from 3rd tries for Home, SAFE, throw by CF to home
Batting: SHB Lance Franklin 0-0: Ball
Tyler Allen steals 3rd, throwing error, E2
Tyler Allen scores
Darrell Ortega to third
1-0: Swinging Strike
1-1: Ball
2-1: Ball
3-1: Ground out 6-3 (Groundball, 6, EV 105.0 MPH)
Darrell Ortega scores
Batting: RHB Josh Hensley 0-0: Called Strike
0-1: Called Strike
0-2: SINGLE (Groundball, 6MD, EV 110.0 MPH)
Batting: RHB Kory Sanchez 0-0: Swinging Strike
0-1: Swinging Strike
0-2: Ground out 4-3 (Groundball, 34, EV 92.5 MPH)
Bottom of the 6th over - 4 runs, 3 hits, 1 error, 1 left on base; Louisville 1 - Lehigh Valley 4
TOP OF THE 7TH
Louisville Bats batting - Pitching for Lehigh Valley IronPigs : RHP Jaylen Johnson
Batting: SHB Paul Sandoval 0-0: Foul Ball, location: 2F
0-1: Ball
1-1: Foul Ball, location: 2F
1-2: Ball
2-2: Foul Ball, location: 2F
2-2: Ball
3-2: Strikes out swinging
Batting: RHB Chase Briney 0-0: Called Strike
0-1: Called Strike
0-2: Strikes out swinging
Batting: LHB Randy Racine 0-0: Ball
1-0: Ground out 6-3 (Groundball, 4M, EV 85.0 MPH)
Top of the 7th over - 0 runs, 0 hits, 0 errors, 0 left on base; Louisville 1 - Lehigh Valley 4
BOTTOM OF THE 7TH
Lehigh Valley IronPigs batting - Pitching for Louisville Bats : LHP Jesus Perez
Batting: RHB Moritake Fukumoto 0-0: Ball
1-0: Called Strike
1-1: Ball
2-1: Ball
3-1: Fly out, F7 (Flyball, 78S, EV 93.1 MPH)
Batting: LHB Danny Hill 0-0: Swinging Strike
0-1: Ball
1-1: Foul Ball, location: 2F
1-2: Strikes out swinging
Batting: RHB Dan Grable 0-0: Foul Ball, location: 2F
0-1: Foul Ball, location: 2F
0-2: Ball
1-2: Fly out, F7 (Line Drive, 7, EV 84.4 MPH)
Bottom of the 7th over - 0 runs, 0 hits, 0 errors, 0 left on base; Louisville 1 - Lehigh Valley 4
TOP OF THE 8TH
Louisville Bats batting - Pitching for Lehigh Valley IronPigs : RHP Jaylen Johnson
Pitching: RHP Mike Kamm
Batting: LHB Shawn Morrison 0-0: Called Strike
0-1: Ball
1-1: Ball
2-1: SOLO HOME RUN (Flyball, 89XD, EV 107.5 MPH), Distance : 420 ft
Batting: SHB Freddie Farrar 0-0: Called Strike
0-1: Ball
1-1: Swinging Strike
1-2: Foul Ball, location: 2F
1-2: Foul Ball, location: 2F
1-2: Ball
2-2: Strikes out swinging
Batting: LHB Manny Ruvalcaba 0-0: Called Strike
0-1: Ball
1-1: Swinging Strike
1-2: Ground out 4-3 (Groundball, 13, EV 80.0 MPH)
Batting: RHB Chris Zamora 0-0: Swinging Strike
0-1: Foul Ball, location: 2F
0-2: Ball
1-2: Ground out 5-3 (Groundball, 56S, EV 83.8 MPH)
Top of the 8th over - 1 run, 1 hit, 0 errors, 0 left on base; Louisville 2 - Lehigh Valley 4
BOTTOM OF THE 8TH
Lehigh Valley IronPigs batting - Pitching for Louisville Bats : LHP Jesus Perez
Batting: LHB Tyler Allen 0-0: Ball
1-0: SINGLE (Groundball, 4MD, EV 95.6 MPH)
Batting: RHB Mitch Boyd 0-0: Sac Bunt to 3S - play at first, batter OUT! 3-4
Tyler Allen to second
Batting: LHB Darrell Ortega 0-0: Reached on error, E3 (Groundball, 3, EV 87.5 MPH)
Tyler Allen to third
Batting: SHB Lance Franklin 0-0: Ball
1-0: Called Strike
1-1: Ball
2-1: Called Strike
2-2: Foul Ball, location: 2F
2-2: Ground out 5-3 (Groundball, 56S, EV 66.2 MPH)
Darrell Ortega to second
Batting: RHB Josh Hensley 0-0: Called Strike
0-1: Ball
1-1: Ball
2-1: Ground out 3-1 (Groundball, 34, EV 95.6 MPH)
Bottom of the 8th over - 0 runs, 1 hit, 1 error, 2 left on base; Louisville 2 - Lehigh Valley 4
TOP OF THE 9TH
Louisville Bats batting - Pitching for Lehigh Valley IronPigs : RHP Mike Kamm
Pitching: LHP John Murray
Batting: RHB Gerald de Vries 0-0: Foul Ball, location: 2F
0-1: Ball
1-1: Called Strike
1-2: Foul Ball, location: 2F
1-2: DOUBLE (Line Drive, 9LM, EV 100.0 MPH)
Batting: RHB Casey Truax 0-0: Called Strike
0-1: Ground out 3-1 (Groundball, 34, EV 85.6 MPH)
Gerald de Vries to third
Batting: SHB Paul Sandoval 0-0: Ground out 4-3 (Groundball, 4, EV 106.2 MPH)
Gerald de Vries scores
Batting: RHB Chase Briney 0-0: Swinging Strike
0-1: SINGLE (Groundball, 56D, EV 102.5 MPH)
Batting: LHB Randy Racine 0-0: SINGLE (Line Drive, 7S, EV 96.9 MPH)
Chase Briney to second
Pinch Runner at 2nd Tim Wormell:
Batting: LHB Shawn Morrison 0-0: Called Strike
0-1: Foul Ball, location: 2F
0-2: Foul Ball, location: 2F
0-2: SINGLE (Line Drive, 6D, EV 95.6 MPH)
Tim Wormell to third
Randy Racine to second
Runner from 3rd tries for Home, SAFE, throw by LF to home
Batting: SHB Freddie Farrar 0-0: Ball
1-0: Ball
2-0: SINGLE (Groundball, 4MD, EV 106.2 MPH)
Randy Racine to third
Shawn Morrison to second
Runner from 3rd tries for Home, throw by CF and OUT! 8-2
Top of the 9th over - 2 runs, 5 hits, 0 errors, 2 left on base; Louisville 4 - Lehigh Valley 4
BOTTOM OF THE 9TH
Lehigh Valley IronPigs batting - Pitching for Louisville Bats : LHP Jesus Perez
Now at 3B: Tim Wormell
Batting: RHB Kory Sanchez 0-0: Foul Ball, location: 2F
0-1: Foul Ball, location: 2F
0-2: Ball
1-2: Ball
2-2: Strikes out swinging, 2-3 out at first.
Batting: RHB Moritake Fukumoto 0-0: Called Strike
0-1: Ball
1-1: SINGLE (Groundball, 4MD, EV 98.1 MPH)
Pitching: LHP Matt Walton
Batting: LHB Danny Hill 0-0: Ball
1-0: Ball
2-0: Swinging Strike
2-1: Ball
3-1: Base on Balls
Moritake Fukumoto to second
Batting: RHB Dan Grable 0-0: Ball
1-0: Ball
2-0: SINGLE (Line Drive, 8LS, EV 106.9 MPH)
Moritake Fukumoto to third
Danny Hill to second
Pinch Hitting: RHB Aaron Burress 0-0: Ball
1-0: Ball
2-0: SINGLE (Groundball, 56D, EV 100.0 MPH)
Moritake Fukumoto scores
Bottom of the 9th over - 1 run, 3 hits, 0 errors, 0 left on base; Louisville 4 - Lehigh Valley 5
Game Over ... Lehigh Valley defeats Louisville, 5 to 4
Wednesday, June 22nd , 2022 - OOTP Baseball 23.4 Build 64